Description

oioioioio

Replay - Proxima Station LE (23)

Build Order

Get SALT Encoding   

  12  0:00  SCV  
  13  0:12  SCV  
  14  0:17  Supply Depot  
  14  0:24  SCV  
  15  0:28  Refinery  
  15  0:39  SCV  
  16  0:45  Barracks  
  16  0:51  SCV  
  17  1:03  SCV  
  18  1:15  SCV  
  19  1:32  Reaper, Orbital Command  
  20  1:43  Command Center  
  20  1:55  Factory  
  20  1:59  SCV  
  21  2:06  Barracks Reactor  
  21  2:09  Supply Depot  
  21  2:12  SCV  
  22  2:18  Refinery  
  22  2:24  SCV  
  24  2:39  Hellion  
  24  2:42  Marine x2  
  24  2:43  Starport  
  29  2:55  Orbital Command  
  30  3:06  Cyclone  
  32  3:13  Marine x2  
  36  3:27  Viking  
  38  3:36  Marine x2  
  38  3:41  Factory Tech Lab  
  41  3:48  Supply Depot  
  42  3:54  Marine x2  
  46  4:03  Supply Depot  
  46  4:09  Raven  
  50  4:12  Marine x2  
  52  4:19  Supply Depot  
  52  4:24  Factory Tech Lab  
  55  4:32  Command Center  
  52  4:43  Siege Tank  
  61  5:01  Raven  
  61  5:06  Refinery  
  64  5:07  Barracks x2  
  67  5:21  Factory Reactor  
  68  5:27  Engineering Bay x2  
  72  5:44  Orbital Command  
  72  5:49  Stimpack  
  73  5:56  Refinery  
  74  6:00  Viking x2  
  79  6:06  Barracks Reactor  
  83  6:16  Orbital Command  
  84  6:23  Terran Infantry Weapons Level 1, Terran Infantry Armor Level 1  
  87  6:31  Siege Tank  
  92  6:41  Refinery  
  92  6:45  Viking x2  
  103  6:58  Barracks x2  
  103  7:08  Siege Tank  
  117  7:23  Refinery  
  117  7:25  Medivac x2  
  123  7:34  Armory  
  129  7:46  Sensor Tower x2  
  129  7:48  Barracks Reactor x2  
  129  7:50  Liberator  
  127  8:01  Liberator  
  127  8:02  Siege Tank  
  129  8:23  Combat Shields  
  134  8:39  Terran Infantry Weapons Level 2  
  144  8:50  Terran Infantry Armor Level 2  
  150  9:07  Siege Tank  
  157  9:16  Terran Vehicle Weapons Level 1  
  129  9:36  Medivac x2  
  130  9:39  Siege Tank  
  137  9:55  Factory  
  137  9:57  Barracks x2  
Spawning Tool Build Advisor. Get it on Overwolf

Go to:

Details

  • Created by: Aggression
  • Published on: Jul 10, 2017
  • Modified on: Jul 10, 2017
  • Patch: 3.8.0
Show
View Real Time Build Order
Export as new Build Order

Comments (0)

There are no comments. Be the first!

Create an account to comment!